[Event "99th Argentina-ch 2024"]
[Site "Buenos Aires"]
[Date "2024.11.28"]
[Round "3.1"]
[White "Flores, Diego"]
[Black "Asprelli, Gaspar"]
[Result "1/2-1/2"]
[ECO "A03"]
[WhiteElo "2552"]
[BlackElo "2245"]
[Annotator "TA"]
[PlyCount "85"]
[EventDate "2024.11.15"]
[EventType "tourn"]
[EventCountry "ARG"]
[SourceTitle "playchess.com"]
[Source "ChessBase"]
[SourceQuality "1"]
[TimeControl "40/5400+30:1800+30"]

1. f4 d5 2. Nf3 g6 3. g3 Bg7 4. Bg2 Nf6 5. O-O O-O 6. d3 c5 7. Nc3 d4 8. Na4 Qd6 9. e4 {[%emt 0:05:55] [#] Threatens to win with e5.} dxe3 10. Bxe3 Nbd7 11. Nc3 a6 12. a4 Nb6 13. Ne5 Nbd5 14. Bf2 Nxc3 15. bxc3 Rb8 16. a5 Be6 17. Rb1 Bd5 18. c4 (18. Rb6 $14 {might be stronger.} Qc7 19. c4 Bxg2 20. Kxg2) 18... Bxg2 $11 19. Kxg2 Nd7 20. Nxd7 Qxd7 21. Qf3 Qc7 (21... Qa4 $1 $11 {keeps the balance.}) 22. Rb6 $16 Rfd8 {[%emt 0:07:12] Prevents Qd5} ({Better is} 22... e6) 23. Rfb1 Rd7 24. h4 Bc3 25. Be1 Bxe1 26. Rxe1 Rd6 {[%emt 0:00:31] [#]} 27. Reb1 $1 Rxb6 28. Rxb6 {[%emt 0:00:00][%mdl 4096] Endgame. KQR-KQR} Qd7 29. Qe3 (29. Qd5 $16 Qg4 (29... Qa4 30. h5 $16) 30. Qxc5) 29... Qa4 $11 {[%emt 0:02:35][%csl LRa5,LRc2] The position is equal.} 30. Qd2 Rd8 31. Qc3 {[%emt 0:00:23][%cal Og2f2] Prevents Qxc4} Rd6 32. Rb1 Re6 33. Kf2 Qc6 34. Qb2 {[%emt 0:01:27] Active counter play!} Qc7 35. Qc3 h5 36. Re1 Rxe1 37. Qxe1 {[%emt 0:00:25] KQ-KQ} e6 38. Qc3 Qc6 39. Qe5 Qa4 40. Qc3 Qc6 41. Qe5 Qa4 42. Qc3 Qc6 43. Qe5 {[%emt 0:01:56] Weighted Error Value: White=0.09 (flawless) /Black=0.10 (very precise) .  Mistake:       	White=2     	Black=2      Inaccurate:     	White=2     	Black=1      OK:         	White=11    	Black=16     Best:        	White=1     	Black=3      Strong:       	White=1     	---} 1/2-1/2

[Event "99th Argentina-ch 2024"]
[Site "Buenos Aires"]
[Date "2024.11.28"]
[Round "3.2"]
[White "Oro, Faustino"]
[Black "Coro, Lucas"]
[Result "1-0"]
[ECO "E71"]
[WhiteElo "2433"]
[BlackElo "2401"]
[Annotator "TA"]
[PlyCount "109"]
[EventDate "2024.11.15"]
[EventType "tourn"]
[EventCountry "ARG"]
[SourceTitle "playchess.com"]
[Source "ChessBase"]
[SourceQuality "1"]
[TimeControl "40/5400+30:1800+30"]

1. d4 Nf6 2. c4 g6 3. Nc3 Bg7 4. e4 d6 5. h3 Nbd7 6. Be3 e5 7. d5 h5 8. Bd3 a5 9. Qd2 O-O 10. Nf3 Nc5 11. Bc2 Bd7 12. O-O-O Qe8 (12... a4 $14) 13. Rdg1 Rb8 14. Bh6 Kh7 15. Bg5 Rh8 16. Be3 b5 17. cxb5 Bxb5 18. Ng5+ Kg8 19. Bxc5 dxc5 20. d6 cxd6 21. Qxd6 Nh7 22. Nf3 Bc4 (22... Nf8 $11) 23. Qxc5 $16 Rc8 24. Qxa5 Ra8 25. Qb4 (25. Qc7 $16 Rc8 (25... Bxa2 $2 26. Nxa2 Rxa2 27. Bb3 $18) 26. Qb6) 25... Bxa2 $14 26. Nxa2 Rxa2 27. Kb1 Qa8 28. Bb3 Ra1+ (28... Ra5 $14) 29. Kc2 $16 Ra7 30. Bd5 {[%emt 0:00:39] Active counter play!} Rc7+ 31. Kb1 Qa6 32. Qb3 {[%emt 0:01:34] Prevents Qd3+.} (32. Qb8+ $16 Rc8 33. Qb3) 32... Nf6 $11 {[%emt 0:01:21] ...Nxd5 is the strong threat.} 33. Bxf7+ Rxf7 (33... Kh7 $1 $11 34. Ng5+ (34. Nxe5 Nxe4 35. Bxg6+ Qxg6 $17) 34... Kh6) 34. Nxe5 $14 Qb7 35. Qxf7+ Qxf7 36. Nxf7 Kxf7 37. f3 Rb8 38. Rd1 {[%emt 0:06:40] Repels Nd7} Ne8 39. Rd2 Ke6 40. g3 (40. Rc1 $16) 40... Nd6 $11 41. Rc1 {[%emt 0:17:26] Against Nc4} Rb6 {[%emt 0:02:12] [#] Wards off Rc6} (41... g5 $11 {keeps the balance.}) 42. Rcc2 (42. Rc5 $1 $16) 42... g5 $1 43. Rd5 Be5 44. h4 Rb3 45. Rcc5 $1 Bxb2 $2 (45... Bxg3 $14 46. hxg5 (46. Rxg5 Rxf3 47. Rxh5 Nxe4 $14) 46... Rxf3) 46. Kc2 $18 (46. hxg5 Bg7+ 47. Ka2 Rxf3 $17) ({Not} 46. Rxg5 Bd4+ 47. Kc2 Rxf3 $11) 46... Rb6 47. Rxg5 Bf6 48. Rxh5 Rb2+ 49. Kd1 Rb1+ 50. Ke2 Rb2+ 51. Kf1 Nf7 52. Rc6+ Ke7 53. Rh7 Be5 54. f4 Bb8 55. e5 1-0

[Event "99th Argentina-ch 2024"]
[Site "Buenos Aires"]
[Date "2024.11.28"]
[Round "3.3"]
[White "Valerga, Diego"]
[Black "Krysa, Leandro"]
[Result "1/2-1/2"]
[ECO "D35"]
[WhiteElo "2445"]
[BlackElo "2496"]
[Annotator "TA"]
[PlyCount "60"]
[EventDate "2024.11.15"]
[EventType "tourn"]
[EventCountry "ARG"]
[SourceTitle "playchess.com"]
[Source "ChessBase"]
[SourceQuality "1"]
[TimeControl "40/5400+30:1800+30"]

1. d4 Nf6 2. Nf3 d5 3. c4 e6 4. cxd5 exd5 5. Nc3 c6 6. Qc2 g6 7. h3 Bf5 8. Qb3 Qb6 9. g4 Be4 10. Bg2 h6 11. Bf4 Nbd7 12. O-O Be7 13. Nxe4 Nxe4 14. Qc2 g5 (14... Bd6 $11 15. Be3 Qd8) 15. Be3 (15. Bh2 {looks sharper.} h5 16. Ne5 hxg4 17. Nxd7 Kxd7 18. Bxe4 dxe4 19. hxg4 Bd6 20. Bxd6 Kxd6 21. Qxe4 Qb5 22. a4) 15... Qc7 {[%emt 0:05:58] The position is equal.} 16. Ne5 Nxe5 17. dxe5 Qxe5 18. Rad1 {[%emt 0:05:55] [#] Hoping for Bd4.} Rg8 19. Bxe4 Qxe4 20. Qxe4 dxe4 21. Rd4 f6 22. Rxe4 Kf7 23. Rc1 Rgd8 24. Bc5 Bxc5 25. Rxc5 $11 {[%emt 0:00:06][%mdl 4096] Endgame. KRR-KRR} Rd1+ 26. Kg2 Re8 27. Rb4 Re7 28. Rc2 Kg6 29. e3 h5 30. gxh5+ Kxh5 {[%emt 0:03:56] A rather calm draw.   Weighted Error Value: White=0.04 (flawless) /Black=0.06 (flawless) .  Mistake:       	---       	Black=1      Inaccurate:     	White=1     	---        OK:         	White=15    	Black=6      Best:        	White=1     	Black=1} 1/2-1/2

[Event "99th Argentina-ch 2024"]
[Site "Buenos Aires"]
[Date "2024.11.28"]
[Round "3.4"]
[White "Mareco, Sandro"]
[Black "Peralta, Fernando"]
[Result "1/2-1/2"]
[ECO "E08"]
[WhiteElo "2580"]
[BlackElo "2546"]
[Annotator "TA"]
[PlyCount "67"]
[EventDate "2024.11.15"]
[EventType "tourn"]
[EventCountry "ARG"]
[SourceTitle "playchess.com"]
[Source "ChessBase"]
[SourceQuality "1"]
[TimeControl "40/5400+30:1800+30"]

1. c4 e6 2. g3 d5 3. Bg2 Nf6 4. Nf3 Be7 5. O-O O-O 6. d4 c6 7. Qc2 b6 8. b3 Nbd7 9. Rd1 h6 10. Bb2 Bb7 11. Nc3 Qc7 {[%emt 0:01:07] White has an edge.} 12. a4 Bb4 13. Ne1 Rac8 14. Nd3 Bxc3 15. Qxc3 c5 16. dxc5 bxc5 {[%emt 0:13:32] aiming for ...d4.} 17. f3 ({White should try} 17. cxd5 $11 exd5 18. e3) 17... d4 $15 18. Qd2 e5 19. e4 Ne8 20. a5 f5 21. a6 Ba8 22. Ba3 Nd6 23. Re1 Rb8 (23... fxe4 $15 24. fxe4 Kh7) 24. Qa2 $1 $11 Kh8 25. b4 $1 cxb4 26. Bxb4 fxe4 (26... Qxc4 $2 27. Qxc4 (27. Bxd6 Qxd3 28. Bxf8 Rxf8 $18) 27... Nxc4 28. Bxf8 Rxf8 29. exf5 $18) 27. fxe4 Rf6 (27... Qxc4 $2 28. Qxc4 (28. Bxd6 Qxd3 29. Bxf8 Rxf8 $18) 28... Nxc4 29. Bxf8 Rxf8 30. Rac1 $18) 28. c5 Nf7 29. Bd2 {[%emt 0:03:37] Against Ng5} ({White should play} 29. c6 $1 $14 Bxc6 (29... Qxc6 30. Be7 $16) 30. Be7) 29... Bc6 (29... Nxc5 30. Rec1 Rxa6 31. Qc4 $18 (31. Rxc5 $2 {perishes.} Rxa2 32. Rxa2 Rb1+ 33. Be1 Qb7 $19) (31. Ba5 $2 Rxa5 32. Qxa5 Qxa5 $19)) 30. Rac1 Rb5 31. Rf1 Rxf1+ 32. Rxf1 Nf6 $1 33. Qe6 {Against Qe7} Rb8 (33... Nd8 $11 {remains equal.} 34. Qxe5 Qxe5 35. Nxe5 Rxc5 36. Nxc6 Nxc6) 34. Nb4 {Weighted Error Value: White=0.10 (very precise) /Black=0.16 (very precise) .  Mistake:       	White=3     	Black=2      Inaccurate:     	White=1     	Black=2      OK:         	White=7     	Black=9      Best:        	---       	Black=2      Strong:       	White=2     	Black=1} (34. Rxf6 $1 $16 gxf6 35. Qxf6+ Kh7 36. Nb4) 1/2-1/2

[Event "99th Argentina-ch 2024"]
[Site "Buenos Aires"]
[Date "2024.11.28"]
[Round "3.5"]
[White "Perez Ponsa, Federico"]
[Black "Spata, German"]
[Result "1/2-1/2"]
[ECO "C02"]
[WhiteElo "2536"]
[BlackElo "2399"]
[Annotator "TA"]
[PlyCount "75"]
[EventDate "2024.11.15"]
[EventType "tourn"]
[EventCountry "ARG"]
[SourceTitle "playchess.com"]
[Source "ChessBase"]
[SourceQuality "1"]
[TimeControl "40/5400+30:1800+30"]

1. e4 e6 2. d4 d5 3. e5 c5 4. c3 Qb6 5. Nf3 Bd7 6. Be2 Bb5 7. dxc5 Bxc5 8. b4 Bxf2+ 9. Kf1 Bc6 10. a4 {[%emt 0:01:38] The position is equal.} a6 11. a5 Qa7 12. Na3 Be3 {[%emt 0:01:33] Against Qd2} (12... Nd7 $5) 13. b5 $1 $36 {[%emt 0:02:44][%mdl 2048] White has the initiative.} axb5 $1 14. Nxb5 Bxb5 15. Bxb5+ Nc6 {[%emt 0:00:28] [#] White must now prevent ...Bxc1.} (15... Kf8 $5) 16. Bxe3 Qxe3 17. a6 Qa7 {[%emt 0:04:45] ...Nge7 would now be deadly.} (17... Qxc3 $2 18. axb7 Rb8 19. Ra8 $18) 18. Nd4 Nge7 {[%emt 0:00:24] Hoping for ...0-0.} 19. Rb1 $1 bxa6 20. Bxc6+ Nxc6 21. Nxc6 (21. Qa4 $5 O-O 22. Qxc6 $14 (22. Nxc6 Qc5 $11)) 21... Qc7 22. Nd4 O-O $1 23. Nf3 Qxc3 24. Kf2 Rfc8 25. Kg3 a5 26. Rb3 Qc4 27. Ra3 h6 28. Ra4 Qb5 29. h3 Rc3 30. Ra2 a4 31. Rc2 {[%emt 0:06:10] [#]} (31. Kh2 $11) 31... Rxc2 (31... d4 $1 $17 32. Kh2 Qc4 33. Rxc3 dxc3) 32. Qxc2 $11 a3 33. Rb1 Qa5 {[%emt 0:00:47][%mdl 1024] Black has compensation.} 34. Qa2 Qc3 35. Qa1 Qc4 ({Don't go for} 35... a2 $2 36. Rb8+ (36. Qxc3 $2 {loses.} axb1=Q 37. Kh2 Ra2 $19) 36... Kh7 37. Qxc3 $18) 36. Rc1 $1 Qa4 {[%emt 0:01:16] Threatens to win with ...a2.} 37. Qd4 (37. Qa2 $15) 37... Qb5 $17 {[%emt 0:00:35] And now ...a2 would win.} 38. Ra1 {[%emt 0:01:15] Weighted Error Value: White=0.14 (very precise) /Black=0.09 (flawless) .  Mistake:       	White=2     	Black=1      Inaccurate:     	White=5     	Black=2      OK:         	White=7     	Black=18     Best:        	White=2     	Black=1      Strong:       	White=3     	Black=2} 1/2-1/2

[Event "99th Argentina-ch 2024"]
[Site "Buenos Aires"]
[Date "2024.11.28"]
[Round "3.6"]
[White "Acosta, Pablo Ismael"]
[Black "Tokman, Ariel"]
[Result "1-0"]
[ECO "D12"]
[WhiteElo "2454"]
[BlackElo "2390"]
[Annotator "TA"]
[PlyCount "101"]
[EventDate "2024.11.15"]
[EventType "tourn"]
[EventCountry "ARG"]
[SourceTitle "playchess.com"]
[Source "ChessBase"]
[SourceQuality "1"]
[TimeControl "40/5400+30:1800+30"]

1. Nf3 d5 2. d4 Nf6 3. c4 c6 4. e3 Bf5 5. Nc3 e6 6. Be2 Nbd7 7. Nh4 Bg6 8. Qb3 Qb6 9. Nxg6 hxg6 10. Bd2 Qxb3 11. axb3 a6 12. f4 Be7 13. Bf3 Nb6 (13... O-O-O $11) 14. c5 $14 Nbd7 15. g4 Ng8 16. Ke2 g5 17. b4 O-O-O 18. e4 gxf4 19. exd5 exd5 20. b5 $1 (20. Bxf4 Nf8 $11) 20... g5 (20... Bf6 $11 {keeps the balance.}) 21. bxc6 bxc6 22. Rxa6 Nb8 23. Ra4 Nf6 {[%emt 0:00:31] [#]} (23... Rh4 $14) 24. h4 $1 $16 Ne8 25. Kd3 $36 {[%emt 0:04:28][%mdl 2048] White is really pushing. White is more active.} Nc7 26. h5 $1 Ne6 (26... Bf6 $16 {was necessary.} 27. b4 Rde8) 27. b4 $1 $18 Bf6 28. Ne2 (28. b5 $18) 28... Rd7 29. Rb1 Rhd8 (29... Rb7 $14) 30. b5 cxb5 (30... Rb7 $142) 31. Rxb5 Rb7 32. Rxb7 Kxb7 33. Rb4+ Kc8 34. Ra4 $2 ({White should play} 34. Bc3 $1 $18) 34... Rd7 (34... Kb7 $1 $11) 35. Nc3 Bxd4 36. Rxd4 Nxd4 37. Kxd4 Nc6+ 38. Kd3 Ne5+ 39. Ke2 Nxf3 40. Kxf3 Kc7 $2 (40... Kb7 41. Ne2 (41. h6 f6 $11) 41... d4) 41. Be1 (41. h6 f6 $16) (41. Ne2 $142) 41... Kc6 42. Bf2 d4 43. Ne4 d3 {[%emt 0:00:20] And now ...d2 would win.} 44. Be1 $1 (44. Nxg5 $2 d2 45. Kxf4 d1=Q $19 (45... d1=R 46. Nf3 $17)) 44... f6 45. Bd2 (45. Nxf6 d2 46. Bxd2 Rxd2 $11) 45... Rf7 46. Bc3 Re7 47. h6 $1 (47. Nxf6 Re3+ 48. Kg2 Re6 $11 (48... Kxc5 $2 49. h6 $18)) (47. Bxf6 $2 Rxe4 48. Kxe4 d2 (48... Kxc5 49. Kxd3 Kd5 50. h6 f3 51. Bd4 Kd6 52. h7 Kd7 53. h8=Q) 49. Bxg5 d1=Q $19) 47... d2 $2 (47... Rh7) 48. Nxd2 (48. Bxf6 {gets mated.} d1=Q+ (48... d1=R $2 {is the wrong capture.} 49. Bxe7 Rd3+ 50. Kg2 $18) 49. Kg2 Rxe4 (49... Qxg4+ 50. Kf1 Rxe4 51. Bd4 Qh3+ 52. Kf2 Qg3+ 53. Kf1 Re1#)) (48. Bxd2 Rh7 $16) 48... Re3+ 49. Kg2 $1 {[%emt 0:00:40] and h7 should not be overlooked} Rg3+ {[%emt 0:02:17] [#]} 50. Kh2 $1 Rxg4 {[%emt 0:03:25] [#]} 51. Nf3 $1 ({Stronger than} 51. Bxf6 Rh4+ 52. Kg2 Rxh6 53. Bxg5 Re6 $11) 1-0